Cogmind - Beta 10.2 @@@ ROGUE MODE // 2020.11.17 @ 16:36:18 // Halloween2020/ForbiddenLore Player: Ty Piggbottom Result: Destroyed by as-37193 with Assembled Blade Performance ------------- Evolutions (0) 0 Regions Visited (2) 400 Robots Destroyed (31) 155 Value Destroyed (501) 501 Prototype IDs (0) 0 Alien Tech Used (0) 0 Bonus (0) 0 TOTAL SCORE: 1056 Bonus ------- None Cogmind --------- Core Integrity 0/250 Matter 180/300 Energy 99/100 System Corruption 0% Temperature Cool (0) Movement Treading (160) Location -10/Mines Parts ------- > --- POWER (1) -------- (None) > --- PROPULSION (2) --- Light Treads Light Treads > --- UTILITY (2) ------ Large Storage Unit Light Armor Plating > --- WEAPON (2) ------- Heavy Assault Rifle Grenade Launcher > --- INVENTORY (10) --- Ion Engine Light Nuclear Core Wheel Wheel Signal Interpreter Improved Terrain Scanner Targeting Computer Heavy Assault Rifle Peak State ------------ > --- POWER ------------ Light Nuclear Core > --- PROPULSION ------- Light Treads Wheel > --- UTILITY ---------- Improved Terrain Scanner Terrain Scan Processor > --- WEAPON ----------- Heavy Assault Rifle Heavy Assault Rifle > --- INVENTORY -------- Light Treads Wheel Small Storage Unit Assault Rifle [Rating: 13] Favorites ----------- Power Light Nuclear Core Engine Ion Engine Power Core Light Nuclear Core Propulsion Light Treads Treads Light Treads Wheel Wheel Utility Large Storage Unit Device Improved Terrain Scanner Storage Large Storage Unit Processor Signal Interpreter Protection Light Armor Plating Weapon Heavy Assault Rifle Ballistic Gun Heavy Assault Rifle Launcher Grenade Launcher Build | -11 -10 -10 ------- Run | Scr Mat Min Slots Evolved . | . . . Power . | . . . Propulsion . | . . . Utility . | . . . Weapon . | . . . Parts Attached 45 | 9 32 4 Power 3 | 1 2 . Engine 2 | 1 1 . Core 1 | . 1 . Reactor . | . . . Propulsion 25 | 4 20 1 Treads 14 | 2 11 1 Leg . | . . . Wheel 11 | 2 9 . Hover . | . . . Flight . | . . . Utility 7 | 1 6 . Device 1 | . 1 . Storage 2 | 1 1 . Processor 2 | . 2 . Hackware . | . . . Protection 2 | . 2 . Artifact . | . . . Weapon 10 | 3 4 3 Energy Gun . | . . . Energy Cannon . | . . . Ballistic Gun 8 | 3 4 1 Ballistic Cannon . | . . . Launcher 2 | . . 2 Special Weapon . | . . . Impact Weapon . | . . . Slashing Weapon . | . . . Piercing Weapon . | . . . Special Melee Weapon . | . . . Unidentified Prototypes . | . . . Parts Lost 2 | . . 2 Power 1 | . . 1 Propulsion . | . . . Utility . | . . . Weapon 1 | . . 1 Highest Loss Streak 2 | . . 2 Average Slot Usage (%) 98 | . 98 96 Engine 4 | . 4 10 Core 9 | . 9 . Treads 20 | . 20 17 Wheel 7 | . 7 10 Device 3 | . 4 . Storage 9 | . 9 14 Processor 9 | . 9 . Protection 4 | . 3 14 Ballistic Gun 26 | . 26 24 Naked Turns . | . . . Heaviest Build 30 | 13 30 30 Greatest Support 40 | 40 40 20 Greatest Overweight (x) 2 | 1 2 1 Average Overweight (x) 1 | . 1 1 Largest Inventory Capacity 10 | 6 10 10 Average Capacity 8 | 5 8 10 Most Carried 9 | 3 9 9 Average Carried 5 | 2 5 8 Final Capacity 10 | 6 10 10 Final Carried 9 | 3 9 8 Class Distribution -------------------- 100% | Mutant Dominant Class ---------------- Mutant | -10/Materials Mutant | -10/Mines Resources | -11 -10 -10 ----------- Run | Scr Mat Min Matter Collected 1059 | 295 759 5 Remotely . | . . . Salvage Created 1296 | 69 1171 56 Parts 76 | . 76 . Haulers Intercepted 2 | . 2 . Recyclers Shooed 5 | . 5 . Parts Field Recycled . | . . . Retrieved Matter . | . . . Parts Self-Destructed . | . . . Prevented . | . . . Kills | -11 -10 -10 ------- Run | Scr Mat Min Combat Hostiles Destroyed 28 | . 15 13 Melee 1 | . . 1 Guns 17 | . 15 2 AOE 10 | . . 10 Classes Destroyed 9 | 1 7 1 Worker 1 | . 1 . Builder 1 | . 1 . Hauler 2 | . 2 . Recycler 8 | 1 7 . Operator 1 | . 1 . Watcher 3 | . 3 . Swarmer 6 | . 6 . Grunt 9 | . 9 . Assembled 13 | . . 13 Best Kill Streak 13 | 1 5 13 Combat Bots Only 13 | . 3 13 Max Kills in Single Turn 3 | 1 1 3 Gunslinging . | . . . Exploded 3 | . . 3 Melee 1 | . . 1 Uniques/NPCs Destroyed . | . . . Combat | -11 -10 -10 -------- Run | Scr Mat Min Damage Taken 1268 | . 528 740 Core 273 | . 101 172 Absorbed by Shields . | . . . Core Remaining (%) 100 | 100 . . Volleys Fired 85 | 3 71 11 Largest 2 | 2 2 2 Hottest 53 | 40 46 53 Shots Fired 168 | 6 142 20 Gun 163 | 6 142 15 Cannon . | . . . Launcher 5 | . . 5 Special . | . . . Kinetic 163 | 6 142 15 Thermal . | . . . Explosive 5 | . . 5 Electromagnetic . | . . . Robot Hit Streak 16 | 3 14 16 Robot Miss Streak 3 | 1 3 3 Penetration Max . | . . . Secondary Targets 4 | . 3 1 Max Gunslinging Chain 1 | . 1 1 Shots Hit Robots 99 | 4 84 11 Core Hits 70 | 2 39 29 Critical Hits . | . . . Critical Kills . | . . . Critical Parts Destroyed . | . . . Melee Attacks . | . . . Impact . | . . . Slashing . | . . . Piercing . | . . . Sneak Attacks . | . . . Combat Hostiles . | . . . Follow-up Attacks . | . . . Damage Inflicted 2129 | 64 1104 961 Guns 1306 | 64 1104 138 Cannons . | . . . Explosions 820 | . . 820 Melee . | . . . Ramming 3 | . . 3 Kinetic 1306 | 64 1104 138 Thermal . | . . . Explosive 820 | . . 820 Electromagnetic . | . . . Impact . | . . . Slashing . | . . . Piercing . | . . . Highest Corruption . | . . . Average Corruption . | . . . Corruption Purged . | . . . Overload Shots . | . . . Overflow Damage 35 | . . 35 Projectiles . | . . . Explosions 35 | . . 35 Melee . | . . . Knockbacks . | . . . Impact . | . . . Kinetic . | . . . Secondary . | . . . Self-Inflicted Damage 12 | . . 12 Shots 1 | . . 1 Rammed . | . . . Targets Rammed 1 | . . 1 Kicked . | . . . Crushed 1 | . . 1 Highest Temperature 19 | . 12 19 Average Temperature 6 | . 6 7 Received Heat Transfer 192 | . 132 60 Siege Activations . | . . . Robots Corrupted . | . . . Combat Hostiles . | . . . Parts Fried . | . . . Impact Corruptions . | . . . Robots Melted . | . . . Combat Hostiles . | . . . Parts Melted . | . . . Heat Transferred . | . . . Parts Sabotaged . | . . . Parts Stolen . | . . . Parts Stripped . | . . . Power Chain Reactions . | . . . Missiles Intercepted . | . . . Alert | -11 -10 -10 ------- Run | Scr Mat Min Peak Influence 215 | 5 215 27 Initial 27 | . 3 27 Average 89 | 1 95 19 Maximum Alert Level 1 | . 1 . Low Security (%) 91 | 100 90 100 Level 1 8 | . 9 . Level 2 . | . . . Level 3 . | . . . Level 4 . | . . . Level 5 . | . . . High Security . | . . . Max Security . | . . . Squads Dispatched 3 | . 3 . Investigation 2 | . 2 . Extermination . | . . . Reinforcement 1 | . 1 . Assault . | . . . Garrison . | . . . Intercept . | . . . Construction Impeded . | . . . Haulers Reinforced . | . . . Stealth | -11 -10 -10 --------- Run | Scr Mat Min Distress Signals . | . . . Communications Jammed . | . . . Distress Signals . | . . . Times Spotted 41 | . 25 16 Peak Tracking Total 15 | . 4 15 Tactical Retreats . | . . . Traps | -11 -10 -10 ------- Run | Scr Mat Min Traps Triggered 2 | . 2 . Indirectly . | . . . Trap Hack Attempts . | . . . Triggered . | . . . Disarmed . | . . . Reprogrammed . | . . . Reused . | . . . Traps Extracted . | . . . Installed . | . . . Triggered . | . . . Machines | -11 -10 -10 ---------- Run | Scr Mat Min Machines Disabled . | . . . Max in Single Turn . | . . . Machines Sabotaged . | . . . Garrisons Compromised . | . . . Overloaded Fab Kills . | . . . Fab Network Shutdowns . | . . . Hacking | -11 -10 -10 --------- Run | Scr Mat Min Machines Accessed 10 | . 10 . Terminals 7 | . 7 . Fabricators . | . . . Repair Stations 1 | . 1 . Recycling Units 2 | . 2 . Scanalyzers . | . . . Garrison Access . | . . . Total Hacks 37 | . 37 . Successful 24 | . 24 . Failed 13 | . 13 . Catastrophic 1 | . 1 . Database Lockouts . | . . . Manual 21 | . 21 . Terminals 23 | . 23 . Fabricators . | . . . Repair Stations 10 | . 10 . Recycling Units 4 | . 4 . Scanalyzers . | . . . Garrison Access . | . . . Terminal Hacks 6 | . 6 . Robot Analysis 1 | . 1 . Terminal Index 1 | . 1 . Alert Level 1 | . 1 . Locate Traps 1 | . 1 . Transport Status 2 | . 2 . Fabricator Hacks . | . . . Repair Station Hacks 10 | . 10 . Scan Component 5 | . 5 . Repair 5 | . 5 . Recycling Unit Hacks 2 | . 2 . Report Inventory 2 | . 2 . Scanalyzer . | . . . Garrison Access Hacks . | . . . Unauthorized Hacks 6 | . 6 . Terminals 5 | . 5 . Assimilate 1 | . 1 . Botnet 3 | . 3 . Operators 1 | . 1 . Fabricators . | . . . Repair Stations . | . . . Recycling Units 1 | . 1 . Reject 1 | . 1 . Scanalyzers . | . . . Garrison Access . | . . . Data Cores Recovered . | . . . Used . | . . . Hacking Detections 9 | . 9 . Full Trace Events . | . . . Feedback Events . | . . . Feedback Blocked . | . . . Robot Schematics Acquired . | . . . Robots Built . | . . . Matter . | . . . Time . | . . . Total Robot Build Rating . | . . . Part Schematics Acquired . | . . . Parts Built . | . . . Matter . | . . . Time . | . . . Total Part Build Rating . | . . . Parts Repaired 5 | . 5 . Time 160 | . 160 . Parts Recycled . | . . . Recycled Matter . | . . . Retrieved Matter . | . . . Retrieved Components . | . . . Parts Scanalyzed . | . . . Part Schematics Acquired . | . . . Parts Damaged . | . . . Bothacking | -11 -10 -10 ------------ Run | Scr Mat Min Used RIF Installer . | . . . Robots Hacked . | . . . Non-combat . | . . . Combat . | . . . Robot Hacks Applied . | . . . Relay Couplers Released . | . . . Robots Rewired . | . . . Allies Hacked . | . . . Hacks Repelled . | . . . Allies | -11 -10 -10 -------- Run | Scr Mat Min Total Allies 1 | . 1 . Largest Group 1 | . 1 1 Highest-Rated Group 10 | . 10 10 Highest-Rated Ally 10 | . 10 10 Total Orders . | . . . Ally Attacks . | . . . Total Damage . | . . . Kills . | . . . Allies Corrupted . | . . . Allies Melted . | . . . Intel | -11 -10 -10 ------- Run | Scr Mat Min Robot Analysis Total 1 | . 1 . Derelict Logs Recovered . | . . . Drone Launches . | . . . Drone Recoveries . | . . . Exploration | -11 -10 -10 ------------- Run | Scr Mat Min Turns Passed 1598 | 64 1489 45 Spaces Moved 858 | 35 818 5 Core 2 | 2 . . Treads 381 | 15 361 5 Legs . | . . . Wheels 475 | 18 457 . Hover . | . . . Flight . | . . . Fastest Speed 50 | 50 80 180 Average Speed 127 | 116 127 180 Slowest Speed 180 | 160 180 180 Overloaded Moves . | . . . Propulsion Burnouts . | . . . Robots Hopped . | . . . Cave-ins Triggered . | . . . Exploration Rate (%) 36 | 3 98 8 Regions Visited 2 Branch Regions 1 Pre-discovered Areas . | . . . Known Exits Taken . | . . . Unknown Exits Taken 2 | 1 1 . Scrap Searched . | . . . Spaces Dug . | . . . Terrain Destroyed 26 | . . 26 Melee . | . . . Projectile . | . . . AOE 26 | . . 26 Terrain Rammed . | . . . Walls Destroyed . | . . . Machines Disabled . | . . . Actions | -11 -10 -10 --------- Run | Scr Mat Min Total 1183 | 48 1114 21 Wait 173 | . 173 . Move 856 | 34 817 5 Hop . | . . . Pick Up 13 | 2 11 . Fast Attach 13 | 6 7 . Attach 2 | . 1 1 Detach 3 | . 3 . Swap 30 | 3 24 3 Drop 7 | . 7 . Fire 85 | 3 71 11 Melee . | . . . Ram . | . . . Kick . | . . . Crush 1 | . . 1 Escape Stasis . | . . . Rewire . | . . . Trap . | . . . Miscellaneous . | . . . Route ------- -11/Scrapyard -10/Materials (discovered 5 exits: *Mat x3 / [*Min x2]) -10/Mines History --------- Turn | Location | Event 12 | -11/Scrapyard | Discovered new exit (range 16) 65 | -11/Scrapyard | Entered Materials 303 | -10/Materials | Build established: Mutant 383 | -10/Materials | Discovered new exit (range 9) 560 | -10/Materials | Discovered new exit (range 14) 827 | -10/Materials | Identified exit to Materials 1036 | -10/Materials | Discovered exit to Materials (range 13) 1092 | -10/Materials | Discovered new exit (range 7) 1210 | -10/Materials | Discovered exit to Materials (range 3) 1283 | -10/Materials | Repaired Hvy. Assault Rifle 1321 | -10/Materials | Repaired Lgt. Nuclear Core 1357 | -10/Materials | Repaired Hvy. Assault Rifle 1390 | -10/Materials | Repaired Hvy. Assault Rifle 1418 | -10/Materials | Repaired Lgt. Treads 1554 | -10/Materials | Entered Mines 1554 | -10/Mines | Accompanied by 1 ally 1555 | -10/Mines | Assembled infested the area 1571 | -10/Mines | Met a Derelict bent on vengeance 1577 | -10/Mines | Core integrity fell below 50% 1584 | -10/Mines | Core integrity fell below 20% 1599 | -10/Mines | Destroyed by as-37193 with Assembled Blade Last Messages --------------- 01569_ as-15640 sneak attacks. 01569_ Technician 1a suffers critical hit. 01575_ as-46485 destroyed. 01575_ as-46601 destroyed. 01575_ as-46736 destroyed. 01579_ as-08710 destroyed. 01579_ Destroyed Asb. F-torch. 01579_ as-13280 destroyed. 01580_ Grenade Launcher destroyed. 01585_ Ion Engine destroyed. 01586_ Crushed as-15640. 01586_ as-15640 destroyed. 01587_ Acquired 5 matter. 01588_ as-39111 destroyed. 01593_ as-53539 destroyed. 01593_ as-54076 destroyed. 01596_ Destroyed Asb. F-torch. 01596_ as-84408 destroyed. 01596_ Destroyed Asb. Hover Unit. 01599_ as-75812 destroyed. Map ----- +----------------------------------------------------+ | ?????????????????????????????????????????? | | ?????????????????????????????????????????? | | ?????????????????????????????????????????? | | ?????????????????????????????????????????? | | ?????????????????????????????????????????? | | ?????????????????????????????????????????? | | ?????????????????????????????????????????? | | ?????????????????????????????????????????? | | ?????????????????????????#???????????????? | | ????????????????????????? #??????????????? | | ????????????????????????? ?????????????? | | ????????????????????????? ????????????? | | ????????????????????????? ????????????? | | ???????????????????????### #????????????? | | ??????????????????????## ##???????????? | | ??????????????????????# ##??????????? | | ?????????????????????? ?###???????? | | ?????????????????????? # ##??????? | | ??????????????????????# # #??????? | | ?????????????????????## #??????? | | ?????????????????????#g a #??????? | | ?????????????????????#g #???????? | | ?????????????????????#g #????????? | | ?????????????????????# #????????? | | ??????????????????????# a ##????????? | | ??????????????????????# @ ##?????????? | | ??????????????????????# ##??????????? | | ??????????????????????# ##???????????? | | ??????????????????????## ###????????????? | | ???????????????????????# #??????????????? | | ???????????????????????# #??????????????? | | ???????????????????????# #??????????????? | | ???????????????????????# #??????????????? | | ???????????????????????# #??????????????? | | ???????????????????????# #??????????????? | | ??????????????????????? ???????????????? | | ??????????????????????? ???????????????? | | ??????????????????????? ???????????????? | | ??????????????????????? ???????????????? | | ?????????????????????? ???????????????? | | ??????????????????????? ???????????????? | | ??????????????????????? ???????????????? | | ?????????????????????????????????????????? | | ?????????????????????????????????????????? | | ?????????????????????????????????????????? | | ?????????????????????????????????????????? | | ?????????????????????????????????????????? | | ?????????????????????????????????????????? | | ?????????????????????????????????????????? | | ?????????????????????????????????????????? | +----------------------------------------------------+ Best States ------------- Heat Dissipation 25 Energy Generation 14 Energy Capacity 250 Matter Stores 300 Matter Capacity 300 Sight Range 16 Terrain Scan Range 16 Terrain Scan Density 85 Armor Coverage 150 Evasion (%) 44 Recoil Reduction 2 Item Schematics ----------------- None Robot Schematics ------------------ None Fabricated ------------ Nothing Alien Tech Used ----------------- None Achievements -------------- None Challenges ------------ None Game ------ Seed DerelictDynamicPod Manual? 0 Play Time 00:26:41 Cumulative 192.1 hours Start 2020.11.17 @ 16:10:44 End 2020.11.17 @ 16:36:18 Sessions 1 Manual Loads 0 Difficulty Rogue Special Mode Halloween2020/ForbiddenLore Game No. 78 Rogue 78 Adventurer 0 Explorer 0 Win Type - Total 0 Types 0/0/0/0/0/0/0/0/0 Lore% 21 Gallery% 28 Achievement% 24 Wizard Run 0 Options --------- ASCII 0 Keyboard 1 Movement Vi Keybinds 0 Fullscreen 1 Font 12/Terminus Map View 83x54 Tactical HUD 1 Map Filters NONE Filters NONE Steam 1 RUN: cb513120-5b20-4a8d-80a4-19dfe0f1f320